 Dungeon Crawl Stone Soup version 0.19-a0-1320-g0178847 (webtiles) character file.

28703 Amnesiac the Summoner (level 13, -5/76 HPs)
             Began as a Tengu Summoner on Aug 31, 2016.
             Was the Champion of Hepliaklqana.
             Slain by a wyvern (14 damage)
             ... on level 6 of the Lair of Beasts.
             The game lasted 00:58:27 (22332 turns).

Amnesiac the Summoner (Tengu Summoner)             Turns: 22332, Time: 00:58:27

Health: -5/76      AC:  4    Str:  9    XL:     13   Next: 40%
Magic:  15/24      EV: 22    Int: 17    God:    Hepliaklqana [******]
Gold:   757        SH:  0    Dex: 18    Spells: 10 memorised, 4 levels left

rFire  . . .     SeeInvis .     C - +2 dagger (venom)
rCold  . . .     Gourm    .     a - +0 robe
rNeg   . . .     Faith    .     (no shield)
rPois  .         Spirit   .     t - +1 hat {MR+}
rElec  .         Dismiss  .     g - +0 cloak
rCorr  .         Reflect  .     (no gloves)
MR     +....     Harm     .     (boots unavailable)
Stlth  ++++......               (no amulet)
                                (no ring)
                                I - ring of flight

@: repel missiles
A: beak, talons 3, able to fly 1
a: Fly, Recall Ancestor, Ancestor Identity, Transference, Idealise, Renounce
Religion, Evoke Flight


You were on level 6 of the Lair of Beasts.
You worshipped Hepliaklqana.
Hepliaklqana was exalted by your worship.
You were not hungry.

You visited 2 branches of the dungeon, and saw 14 of its levels.

You collected 757 gold pieces.

Inventory:

Hand Weapons
 o - a +0 blowgun
 C - a +2 dagger of venom (weapon)
 J - a +2 hand axe of flaming
 O - a +1 dagger of protection
Missiles
 r - 33 poisoned needles
Armour
 a - a +0 robe (worn)
 g - a +0 cloak (worn)
 i - a +0 leather armour of fire resistance
 t - a +1 hat of magic resistance (worn)
Jewellery
 B - an uncursed ring of ice
 I - a ring of flight (left hand)
 Q - a cursed amulet of faith {unknown}
Wands
 G - a wand of slowing (27/48)
 N - a wand of lightning (7/15)
Scrolls
 d - a scroll of brand weapon {unknown}
 f - 3 scrolls of fear
 l - 6 scrolls of remove curse
 m - 2 scrolls of magic mapping
 p - 2 scrolls of enchant weapon
 q - 3 scrolls of amnesia
 u - 2 scrolls of random uselessness {unknown}
 v - 2 scrolls of teleportation
 w - 10 scrolls of identify
 y - a scroll of noise {unknown}
 z - a scroll of fog {unknown}
 A - a scroll of silence {unknown}
 E - a scroll of vulnerability {unknown}
 L - a scroll of recharging {unknown}
 R - a scroll of acquirement {unknown}
 S - a scroll of blinking {unknown}
Potions
 e - a potion of cure mutation
 j - 2 potions of lignification {unknown}
 k - 2 potions of haste
 n - 3 potions of flight
 s - a potion of brilliance
 M - a potion of cancellation {unknown}
Books
 b - a book of Callings

   Spells                             Type                      Level
   a - Summon Small Mammal            Summoning                    1
   b - Call Imp                       Summoning                    2
   c - Call Canine Familiar           Summoning                    3
   d - Summon Guardian Golem          Hexes/Summoning              3
   e - Summon Lightning Spire         Summoning/Air                4
   f - Summon Ice Beast               Ice/Summoning                4
 H - a book of Spatial Translocations

   Spells                             Type                      Level
   a - Apportation                    Translocation                1
   b - Blink                          Translocation                2
   c - Shroud of Golubria             Charms/Translocation         2
   d - Portal Projectile              Translocation                3
   e - Teleport Other                 Translocation                3
   f - Passage of Golubria            Translocation                4
 K - a book of Misfortune

   Spells                             Type                      Level
   a - Confusing Touch                Hexes                        1
   b - Confuse                        Hexes                        3
   c - Gell's Gravitas                Hexes/Translocation          3
   d - Petrify                        Transmutation/Earth          4
   e - Metabolic Englaciation         Hexes/Ice                    5
   f - Yara's Violent Unravelling     Hexes/Transmutation          5
 P - a book of Air

   Spells                             Type                      Level
   a - Shock                          Conjuration/Air              1
   b - Swiftness                      Charms/Air                   2
   c - Repel Missiles                 Charms/Air                   2
   d - Static Discharge               Conjuration/Air              3
   e - Lightning Bolt                 Conjuration/Air              5
Comestibles
 c - 6 bread rations
 h - 7 meat rations
 x - a beef jerky
 D - 19 fruits
 F - 5 slices of pizza
 T - 11 royal jellies


   Skills:
 + Level 11.9 Fighting
 - Level 8.0 Short Blades
 - Level 12.0 Dodging
 - Level 8.0 Stealth
 - Level 7.0 Spellcasting
 - Level 12.0 Summonings


You had 4 spell levels left.
You knew the following spells:

 Your Spells              Type           Power        Failure   Level  Hunger
a - Repel Missiles        Chrm/Air       #.....       21%         2    None
b - Blink                 Tloc           N/A          21%         2    None
c - Apportation           Tloc           #.........   14%         1    None
d - Confusing Touch       Hex            #.....       14%         1    None
e - Call Canine Familiar  Summ           #####...     1%          3    ##.....
f - Call Imp              Summ           #####...     1%          2    None
g - Swiftness             Chrm/Air       #.......     21%         2    None
q - Summon Ice Beast      Ice/Summ       ####....     12%         4    ####...
w - Summon Lightning Spi  Summ/Air       ####....     12%         4    ####...
z - Summon Small Mammal   Summ           ####         1%          1    None


Dungeon Overview and Level Annotations

Branches:
Dungeon (8/15)             Temple (0/1) D:5            Lair (6/6) D:8
  Swamp (0/4) Lair:2       Spider (0/4) Lair:4
  Slime: Lair:5-6

Altars:
Elyvilon
Hepliaklqana
Kikubaaqudgha
Nemelex Xobeh
Okawaru
Sif Muna
Zin
The Shining One

Shops:
D:7 }


Innate Abilities, Weirdness & Mutations

You have a beak for a mouth.
You have claws for feet.
You can fly.


Message History

Your ice beast closely misses the wyvern.
Unknown command.
Nindada casts a spell at the wyvern.
The wyvern seems to slow down.
The wyvern closely misses your ice beast.
Your ice beast hits the wyvern.
Your ice beast freezes the wyvern!
You swap places.
Your ice beast disappears in a puff of smoke!
Nindada points at the wyvern and mumbles some strange words.
The wyvern resists with significant effort.
The wyvern bites you!!
* * * LOW HITPOINT WARNING * * *
You are too injured to fight recklessly!
You are too injured to fight recklessly!
You are too injured to fight recklessly!
You hit the wyvern.
The wyvern is poisoned.
Your kick misses the wyvern. You peck the wyvern, but do no damage.
The wyvern is heavily wounded.
The wyvern bites you!
You die...

#P......................
##......................
##..†...............<...
#.†...###.P.......P..#..
##.#### ##.........#.#.#
#...# ##....P...#.....
###..#####..........#..#.
#.......Rl...............
###.....@Y†P.............
#.........###............
##..####.#.##.........###
##..#P#######......#..#
#......P.#.#......#.#...
###.....................
##.#####.####.####.##.
### ### ### ##


You could see the friendly Nindada the hexer, a wyvern and a friendly ice beast.

Vanquished Creatures
  A hydra (D:8)
  7 death yaks
  A queen ant (Lair:6)
  A deep elf mage (D:7)
  4 elephants (Lair:2)
  3 black mambas
  3 spiny frogs
  2 rime drakes
  2 komodo dragons (Lair:2)
  A queen bee (Lair:4)
  A meliai (Lair:4)
  A blink frog (Lair:4)
  2 dream sheep
  A redback (Lair:4)
  8 yaks
  2 basilisks
  A wyvern (D:8)
  Eustachio (D:4)
  3 hippogriffs
  Edmund (D:4)
  7 soldier ants (Lair:6)
  5 water moccasins
  4 porcupines
  2 ice beasts
  2 centaurs
  3 ogres (D:7)
  5 crocodiles
  3 big kobolds (D:8)
  10 giant frogs
  11 killer bees
  A giant frog skeleton (D:8)
  2 hounds
  2 jellies
  An orc priest (D:8)
  10 iguanas
  6 orc wizards
  5 worker ants
  6 adders
  31 river rats
  2 adder skeletons
  2 dart slugs (D:2)
  5 giant geckos
  17 orcs
  A ball python (D:3)
  2 giant cockroaches
  4 goblins
  3 hobgoblins
  6 jackals (D:8)
  9 kobolds
  2 quokkas
  7 bats
  A giant newt (D:3)
  4 rats
  A plant (D:2)
228 creatures vanquished.

Vanquished Creatures (collateral kills)
  Gastronok (Lair:1)
  2 hydras
  4 death yaks (Lair:2)
  Pikel (D:4)
  A griffon (Lair:5)
  A black mamba (Lair:4)
  6 spiny frogs
  An elephant (Lair:2)
  3 komodo dragons
  4 rime drakes
  2 meliai (Lair:4)
  3 blink frogs (Lair:4)
  4 dream sheep
  Sigmund (D:4)
  2 redbacks (Lair:4)
  3 yaks
  A wyvern (Lair:4)
  A hippogriff (Lair:2)
  2 insubstantial wisps (Lair:2)
  4 soldier ants (Lair:6)
  6 water moccasins
  2 orc warriors (D:8)
  A slave (D:4)
  A sky beast (D:6)
  An ice beast (D:6)
  2 wasps (Lair:6)
  2 ogres
  2 crocodiles (Lair:2)
  3 giant frogs
  2 scorpions
  12 killer bees (Lair:4)
  A hound (D:4)
  6 orc wizards
  2 iguanas (Lair:2)
  4 worker ants
  5 hell rats (Lair:5)
  3 river rats
  3 adders
  3 dart slugs
  A giant gecko (D:2)
  7 orcs
  2 bats
  2 goblins
  2 hobgoblins
  4 kobolds
  2 quokkas
  A ball python zombie (D:6)
  A giant newt (D:2)
  3 rats
  2 fungi
135 creatures vanquished.

Vanquished Creatures (others)
  A slave (D:4)
  The ghost of Amnesiac the Caller, a weakling TeSu (D:4)
  21 hexers
  A giant gecko (D:4)
  A quokka (D:4)
  An ancestor (D:2)
  26 fungi
  11 plants
63 creatures vanquished.

Grand Total: 426 creatures vanquished

Notes
Turn   | Place    | Note
-------+----------+-------------------------------------------
     0 | D:1      | Amnesiac the Tengu Summoner began the quest for the Orb.
     0 | D:1      | Reached XP level 1. HP: 10/10 MP: 4/4
    25 | D:1      | Reached skill level 5 in Summonings
   297 | D:1      | Reached XP level 2. HP: 14/15 MP: 6/6
   305 | D:1      | Learned a level 2 spell: Call Imp
   609 | D:4      | Noticed Edmund
   930 | D:3      | Reached XP level 3. HP: 19/19 MP: 5/7
   935 | D:3      | Learned a level 3 spell: Call Canine Familiar
   952 | D:3      | Found a glowing golden altar of the Shining One.
   952 | D:3      | Found a hazy altar of Hepliaklqana.
   958 | D:3      | Became a worshipper of Hepliaklqana
  1179 | D:1      | Reached * piety under Hepliaklqana
  2073 | D:2      | Found a sparkling altar of Nemelex Xobeh.
  2147 | D:2      | Reached XP level 4. HP: 21/21 MP: 8/8
  2895 | D:2      | Reached ** piety under Hepliaklqana
  2898 | D:2      | Remembered your ancestor Nindada as a hexer
  3589 | D:4      | Gained mutation: You can fly. [Tengu growth]
  3589 | D:4      | Reached XP level 5. HP: 9/25 MP: 4/10
  3880 | D:4      | Noticed Pikel
  3880 | D:4      | Noticed a slave
  3880 | D:4      | Noticed a slave
  3881 | D:4      | Noticed a slave
  3881 | D:4      | Noticed a slave
  3913 | D:4      | Killed Pikel
  3913 | D:4      | Reached XP level 6. HP: 6/28 MP: 7/13
  3913 | D:4      | Reached XP level 7. HP: 7/32 MP: 7/14
  3915 | D:4      | HP: 1/32 [freed slave[Pikel] (6)]
  4226 | D:4      | Noticed Sigmund
  4235 | D:4      | Killed Sigmund
  4373 | D:4      | Found a white marble altar of Elyvilon.
  4376 | D:4      | Killed Amnesiac's ghost
  4421 | D:4      | Killed Edmund
  4602 | D:4      | Noticed Eustachio
  4621 | D:4      | Killed Eustachio
  5011 | D:5      | Entered Level 5 of the Dungeon
  5169 | D:5      | Reached XP level 8. HP: 23/36 MP: 16/16
  5415 | D:5      | Learned a level 4 spell: Summon Ice Beast
  5416 | D:5      | Reached skill level 5 in Spellcasting
  5416 | D:5      | Reached skill level 10 in Summonings
  5452 | D:5      | Learned a level 4 spell: Summon Lightning Spire
  5480 | D:5      | Reached *** piety under Hepliaklqana
  5797 | D:5      | Found a staircase to the Ecumenical Temple.
  6937 | D:6      | Reached skill level 1 in Fighting
  7451 | D:6      | Reached XP level 9. HP: 40/45 MP: 19/19
  7464 | D:6      | HP: 2/46 [poisoned by a killer bee]
  7498 | D:6      | Gained mutation: You are dopey. (Int -2) [mutagenic meat]
  7501 | D:6      | Gained mutation: You have a pair of small horns on your head. [mutagenic meat]
  7504 | D:6      | Gained mutation: Potions and wands are less effective at restoring your health. [mutagenic meat]
  7507 | D:6      | Gained mutation: You have a pair of horns on your head. [mutagenic meat]
  7693 | D:6      | Found an iron altar of Okawaru.
  7986 | D:6      | Reached **** piety under Hepliaklqana
  8028 | D:6      | Reached skill level 5 in Fighting
  8505 | D:7      | Found a glowing silver altar of Zin.
  8942 | D:7      | Found Jifo's Gadget Boutique.
  9043 | D:7      | Found an iron altar of Okawaru.
  9043 | D:7      | Noticed a deep elf mage
  9087 | D:7      | Killed a deep elf mage
  9170 | D:7      | Reached skill level 5 in Stealth
  9293 | D:8      | Reached skill level 1 in Short Blades
  9615 | D:8      | Found a deep blue altar of Sif Muna.
 10046 | D:8      | Found an ancient bone altar of Kikubaaqudgha.
 10166 | D:8      | Found a staircase to the Lair.
 10170 | D:8      | Reached skill level 5 in Short Blades
 10170 | D:8      | Reached XP level 10. HP: 43/53 MP: 20/20
 10677 | D:8      | Reached ***** piety under Hepliaklqana
 11050 | D:8      | Reached skill level 5 in Dodging
 11125 | D:8      | Noticed a two-headed hydra
 11138 | D:8      | Killed a one-headed hydra
 11409 | Lair:1   | Entered Level 1 of the Lair of Beasts
 11584 | Lair:1   | Lost mutation: You have a pair of horns on your head. [potion of cure mutation]
 11584 | Lair:1   | Lost mutation: You are dopey. (Int -2) [potion of cure mutation]
 11584 | Lair:1   | Lost mutation: You have a pair of small horns on your head. [potion of cure mutation]
 11584 | Lair:1   | Lost mutation: Potions and wands are less effective at restoring your health. [potion of cure mutation]
 11664 | Lair:1   | Noticed a four-headed hydra
 11816 | Lair:1   | Noticed a black mamba
 11836 | Lair:1   | Killed a black mamba
 12110 | Lair:1   | Noticed Gastronok
 12417 | Lair:1   | Killed a four-headed hydra
 12417 | Lair:1   | Reached XP level 11. HP: 37/56 MP: 6/21
 13038 | Lair:1   | Killed Gastronok
 13258 | Lair:2   | Noticed a death yak
 13258 | Lair:2   | Noticed a death yak
 13258 | Lair:2   | Noticed a death yak
 13258 | Lair:2   | Noticed a death yak
 13258 | Lair:2   | Noticed a death yak
 13258 | Lair:2   | Noticed a four-headed hydra
 14318 | Lair:2   | Found a staircase to the Swamp.
 15041 | Lair:2   | Killed a four-headed hydra
 15151 | Lair:2   | Killed a death yak
 15662 | Lair:2   | Reached XP level 12. HP: 69/69 MP: 22/22
 15790 | Lair:2   | Killed a death yak
 15908 | Lair:2   | Killed a death yak
 16640 | Lair:2   | Noticed a death yak
 16641 | Lair:2   | Noticed a death yak
 16645 | Lair:2   | Noticed a death yak
 16724 | Lair:2   | Killed a death yak
 16767 | Lair:2   | Killed a death yak
 16844 | Lair:2   | Killed a death yak
 16844 | Lair:2   | Reached skill level 10 in Dodging
 17064 | Lair:2   | Killed a death yak
 17064 | Lair:2   | Reached skill level 10 in Fighting
 17071 | Lair:2   | Killed a death yak
 17392 | Lair:3   | Learned a level 2 spell: Repel Missiles
 17395 | Lair:3   | Learned a level 1 spell: Confusing Touch
 17397 | Lair:3   | Learned a level 1 spell: Apportation
 17400 | Lair:3   | Learned a level 2 spell: Blink
 17403 | Lair:3   | Learned a level 2 spell: Swiftness
 17952 | Lair:4   | Reached ****** piety under Hepliaklqana
 18473 | Lair:4   | Found a hole to the Spider Nest.
 19929 | Lair:5   | Reached XP level 13. HP: 63/73 MP: 21/24
 21743 | Lair:6   | Entered Level 6 of the Lair of Beasts
 22077 | Lair:6   | Noticed an entropy weaver
 22332 | Lair:6   | Slain by a wyvern

Vault maps used:
D:1:      onia_arrival_pentagram
D:2:      nemelex_xobeh_ov_fountains_minmay, first_bread, serial_forest,
          infiniplex_forest_lined_room_3, infiniplex_forest_clump_small,
          infiniplex_forest_lined_corner, infiniplex_forest_clump_large,
          infiniplex_forest_straight_4, infiniplex_forest_clump_long
D:3:      gammafunk_temple_overflow_statue
D:4:      elyvilon_altar_4, lemuel_flame_loot_1, uniq_eustachio, uniq_edmund,
          uniq_pikel, uniq_sigmund
D:6:      okawaru_gym_becter
D:7:      lemuel_ice_spiral_2, serial_shops, nicolae_shop_waterfront,
          basic_altar, david_defended_altar_elf
D:8:      kennysheep_orc_sif_temple, lair_0_dummy, basic_altar, hangedman_ranch
Lair:1:   uniq_gastronok
Lair:2:   minmay_swamp_entry_wisps, infiniplex_staircase_pool_2,
          grunt_megastairs_3
Lair:4:   spider_nest_entry_webs, special_room
Lair:5:   minivault_27, serial_bayou_pond_a
Lair:6:   wormcave, hangedman_lair_tendril_chambers,
          dpeg_slime_entry_enclosed_altar, minivault_29, lemuel_fruit_tree

Skill      XL: |  1  2  3  4  5  6  7  8  9 10 11 12 13 |
---------------+----------------------------------------+-----
Summonings     | 5 6 8 9 11 12 | 12.0
Spellcasting   | 3 4 6 7 |  7.0
Fighting       | 3 5 9 10 11 | 11.9
Dodging        | 3 8 11 12 | 12.0
Stealth        | 5 7 8 |  8.0
Short Blades   | 5 7 8 |  8.0

Action                   |  1- 3 |  4- 6 |  7- 9 | 10-12 | 13-15 || total
-------------------------+-------+-------+-------+-------+-------++-------
Melee: Unarmed           |    29 |       |       |       |       ||    29
       Kick              |    19 |    21 |    64 |   163 |    73 ||   340
       Peck              |    11 |     9 |    31 |   105 |    48 ||   204
       Morningstar       |    52 |    82 |     2 |       |       ||   136
       Flail             |       |       |   101 |       |       ||   101
       Scythe            |       |       |     4 |       |       ||     4
       Dagger            |       |       |    98 |   544 |   178 ||   820
       Headbutt          |       |       |    15 |    23 |       ||    38
       Hand axe          |       |       |       |     2 |       ||     2
 Cast: Summon Small Mamm |    10 |       |       |     9 |       ||    19
       Call Imp          |     8 |     1 |       |       |       ||     9
       Call Canine Famil |     1 |     2 |    13 |    46 |     8 ||    70
       Summon Ice Beast  |       |       |     4 |    28 |    24 ||    56
       Summon Lightning  |       |       |     2 |    24 |     3 ||    29
       Repel Missiles    |       |       |       |     1 |     1 ||     2
Invok: Ancestor Life: He |       |     1 |       |       |       ||     1
       Recall Ancestor   |       |       |     1 |     2 |       ||     3
 Abil: Fly               |       |       |       |     3 |     1 ||     4
       Evoke Flight      |       |       |       |     1 |       ||     1
  Use: Potion            |       |     4 |     2 |     8 |       ||    14
       Scroll            |       |     3 |     1 |     9 |       ||    13
 Stab: Sleeping          |     4 |     4 |     7 |    23 |     1 ||    39
       Confused          |       |       |     6 |    13 |     1 ||    20
       Distracted        |       |       |     4 |    10 |     6 ||    20
  Eat: Chunk             |     5 |     5 |    23 |    22 |     7 ||    62
       Pizza             |       |       |     1 |     2 |       ||     3
       Royal jelly       |       |       |     1 |       |     1 ||     2
       Fruit             |       |       |       |     2 |       ||     2
       Bread ration      |       |       |       |     2 |     1 ||     3
       Meat ration       |       |       |       |     1 |       ||     1
Armor: Robe              |    22 |    20 |    29 |    28 |     7 ||   106
Dodge: Dodged            |    57 |    46 |   120 |   335 |   102 ||   660
       Deflected         |       |       |       |       |     1 ||     1
